Map: Catalyst LE

Players

CameronJS - Winner!

  • Race: Terran Terran
  • League: Master
  • Spawn Location: 11:00

LaWeedaLoca

  • Race: Terran Terran
  • League: Master
  • Spawn Location: 5:00

VOD

Have the link to the VOD?

Description

Time

  • Played on: Dec. 29, 2017, 5:03 a.m.
  • Length: 10:07
Show
View Real Time Build Order
Export as new Build Order

CameronJS Terran - Winner!

Build Orders: Cyclone Opening 

Get SALT Encoding   

  12  0:02  SCV  
  13  0:14  SCV  
  13  0:18  Supply Depot  
  14  0:26  SCV  
  15  0:32  Refinery  
  15  0:39  SCV  
  16  0:45  Barracks  
  16  0:51  SCV  
  16  0:56  Refinery  
  17  1:03  SCV  
  18  1:15  SCV  
  19  1:32  Factory  
  19  1:33  Orbital Command  
  19  1:36  Barracks Reactor  
  19  1:48  Supply Depot  
  19  1:58  SCV  
  20  2:10  SCV  
  20  2:12  Reaper x2  
  23  2:15  Cyclone  
  26  2:23  Supply Depot  
  26  2:27  SCV  
  27  2:44  Reaper  
  27  2:45  Reaper  
  27  2:50  Cyclone  
  32  2:51  SCV  
  32  2:52  Supply Depot  
  33  3:03  SCV  
  32  3:33  Reaper x2, Cyclone  
  37  3:39  Command Center  
  36  4:05  Cyclone  
  34  4:13  SCV  
  34  4:14  Barracks  
  34  4:15  Supply Depot, Barracks  
  35  4:22  Marine x2  
  37  4:30  SCV  
  38  4:35  Starport  
  38  4:37  Factory Tech Lab  
  38  4:45  SCV  
  39  4:51  Marine x2  
  39  4:52  Orbital Command  
  41  4:57  SCV  
  42  5:06  Marine x2  
  42  5:07  Siege Tank  
  47  5:09  Marine, SCV  
  47  5:13  Refinery  
  49  5:17  Marine  
  49  5:19  SCV  
  51  5:21  SCV  
  51  5:23  Supply Depot  
  51  5:24  Marine  
  54  5:31  Liberator  
  54  5:34  SCV x2  
  55  5:38  Marine x2  
  55  5:40  Barracks Tech Lab  
  55  5:41  Marine  
  57  5:46  SCV x2  
  62  5:53  Engineering Bay  
  58  6:14  Marine x2  
  58  6:19  Missile Turret  
  58  6:21  Missile Turret  
  58  6:22  Marine, Stimpack, Barracks Reactor  
  57  6:32  Marine x2  
  56  6:35  SCV x2  
  55  6:40  Marine  
  55  6:47  SCV x2  
  55  6:50  Marine x2  
  55  6:52  Siege Tank  
  55  6:53  Starport Reactor  
  59  6:58  Marine  
  60  7:08  Marine x2  
  61  7:10  SCV x2  
  61  7:14  Marine x2  
  63  7:16  Marine  
  62  7:24  SCV x2  
  62  7:26  Marine x2  
  66  7:30  Siege Tank, Medivac  
  66  7:31  Marine, Medivac  
  66  7:32  Marine  
  66  7:34  Marine  
  73  7:41  SCV x2  
  73  7:43  Marine  
  76  7:45  Supply Depot  
  76  7:49  Supply Depot  
  76  7:56  Marine x2  
  78  8:06  Marine, Viking  
  78  8:07  SCV x2  
  78  8:09  Liberator  
  86  8:30  Marine x3  
  86  8:31  Marine x2  
  89  8:47  SCV x2  
  89  8:48  Marine x3  
  89  8:53  Barracks  
  89  8:54  Barracks  
  89  8:58  Barracks  
  89  9:17  Supply Depot  
  89  9:18  Supply Depot x2  
  89  9:20  Supply Depot  
  89  9:22  Refinery  
  89  9:39  Marine x5, SCV x2  
  89  9:47  Barracks Reactor  
  89  9:51  SCV x2  
  89  9:55  Barracks Tech Lab, Barracks Reactor  
Show
View Real Time Build Order
Export as new Build Order

LaWeedaLoca Terran 

Build Orders: Reaper Expand 

Get SALT Encoding   

  12  0:00  SCV  
  13  0:13  SCV  
  14  0:17  Supply Depot  
  14  0:25  SCV  
  15  0:29  Refinery  
  15  0:38  SCV  
  16  0:46  Barracks  
  16  0:51  SCV  
  17  1:03  SCV  
  18  1:15  SCV  
  19  1:33  Orbital Command  
  19  1:34  Reaper  
  20  1:47  Command Center  
  20  1:59  SCV  
  21  2:02  Factory  
  21  2:07  Reaper  
  22  2:13  SCV  
  22  2:15  Refinery  
  23  2:25  Bunker  
  23  2:40  Barracks Reactor  
  23  2:47  Engineering Bay  
  23  2:54  Starport  
  23  2:58  SCV  
  23  2:59  Hellion  
  26  3:06  Orbital Command, Supply Depot  
  26  3:18  Marine x2  
  26  3:30  Cyclone  
  28  3:34  Starport Tech Lab  
  28  3:36  Marine  
  29  3:42  Marine  
  29  3:46  Orbital Command  
  29  3:54  Marine  
  16  4:11  Cyclone  
  19  4:23  Marine  
  20  4:26  Marine  
  21  4:34  Banshee  
  21  4:36  SCV  
  25  4:40  SCV  
  25  4:45  Marine x2  
  27  4:48  SCV  
  29  5:03  Cloaking Field  
  29  5:06  Marine x2, SCV  
  29  5:07  SCV  
  33  5:19  SCV x2  
  33  5:20  Banshee  
  38  5:26  Supply Depot  
  38  5:38  Marine x2  
  38  5:39  Cyclone  
  38  5:40  SCV x2  
  45  5:49  Supply Depot  
  45  5:53  SCV x2  
  47  6:05  SCV  
  48  6:27  SCV x2  
  50  6:39  SCV x2  
  52  6:43  Marine  
  52  6:45  Orbital Command  
  53  6:51  Marine, SCV  
  53  6:52  Factory Tech Lab  
  52  7:03  SCV  
  53  7:10  Barracks  
  52  7:15  SCV  
  52  7:22  SCV  
  47  7:28  SCV  
  48  7:34  SCV  
  48  7:35  Marine  
  50  7:40  SCV  
  51  7:46  Starport Reactor, Siege Tank, SCV  
  51  7:48  Barracks  
  55  7:52  SCV  
  56  7:58  SCV  
  56  7:59  Barracks Reactor  
  56  8:04  SCV  
  58  8:07  Supply Depot  
  58  8:09  Command Center  
  58  8:10  SCV  
  59  8:16  SCV  
  59  8:17  Barracks x2  
  60  8:26  Viking, Siege Tank  
  55  8:34  SCV x2  
  55  8:35  Marine  
  55  8:36  Marine x3  
Tags
 
Add a new tag
Caveats
  • Supply blocks, unpowered buildings, or Contaminate may cause inaccurate times.
  • Supply counts are checked every 10 seconds.